 Dungeon Crawl Stone Soup version 0.30-a0-12-gd8047c6341 (webtiles) character file.

Game seed: 13015481717906572160

112 Sabo the Digger (level 4, -1/39 HPs)
             Began as a Troll Earth Elementalist on Aug 23, 2022.
             Was a Follower of Fedhas.
             Slain by an orc wizard
             ... wielding a +0 dagger
              (3 damage)
             ... on level 3 of the Dungeon.
             The game lasted 00:16:29 (3389 turns).

Sabo the Digger (Troll Earth Elementalist)          Turns: 3389, Time: 00:16:34

Health: -1/39      AC:  4    Str: 16    XL:     4   Next: 63%
Magic:  6/6        EV: 10    Int: 13    God:    Fedhas [*.....]
Gold:   95         SH:  0    Dex: 10    Spells: 6/7 levels left

rFire   . . .      SeeInvis .    p - +0 flail
rCold   . . .      Faith    .    (no shield)
rNeg    . . .      Spirit   .    a - +0 robe
rPois   .          Reflect  .    (helmet restricted)
rElec   .          Harm     .    (no cloak)
rCorr   .          Rampage  .    (gloves unavailable)
Will    .....                    (boots unavailable)
Stlth   +.........               (no amulet)
HPRegen 0.93/turn                (no ring)
MPRegen 0.10/turn                (no ring)

@: no status effects
A: large, unfitting armour, claws 3, regeneration 1, shaggy fur 1, tough skin 1
a: Renounce Religion


You were on level 3 of the Dungeon.
You worshipped Fedhas.
Fedhas was aware of your devotion.
You visited 1 branch of the dungeon, and saw 3 of its levels.

You collected 95 gold pieces.

Inventory:

Hand Weapons
 k - a +0 sling
 p - a +0 flail (weapon)
Missiles
 e - 4 boomerangs (quivered)
 h - 2 poisoned darts
Armour
 a - a +0 robe (worn)
Scrolls
 f - a scroll of silence
 g - a scroll of identify {unknown}
 i - a scroll of enchant weapon {unknown}
 l - a scroll of fear
 o - a scroll of immolation {unknown}
Potions
 b - a potion of magic
 c - a potion of invisibility {unknown}
 d - a potion of berserk rage {unknown}
 j - 4 potions of degeneration {unknown}
 m - a potion of mutation {unknown}
 n - a potion of brilliance {unknown}
 q - a potion of curing {unknown}


   Skills:
 + Level 0.3 Short Blades
 + Level 0.2 Throwing
 + Level 2.0 Dodging
 + Level 1.2 Stealth
 + Level 2.1 Spellcasting
 + Level 0.6 Transmutations
 + Level 3.6 Earth Magic


You had 6 spell levels left.
You knew the following spells:

 Your Spells              Type           Power      Damage    Failure   Level
a - Sandblast             Erth           20%        2d7       6%          1

Your spell library contained the following spells:

 Spells                   Type           Power      Damage    Failure   Level
 Passwall                 Tmut/Erth      5%         N/A       16%         2
 Stone Arrow              Conj/Erth      12%        3d7       34%         3
 Static Discharge         Conj/Air       1%         3-4/arc   36%         2
 Petrify                  Tmut/Erth      6%         N/A       71%         4
 Lightning Bolt           Conj/Air       0%         1d11      100%        5
 Maxwell's Capacitive Co  Air            0%         ∞         100%        8


Dungeon Overview and Level Annotations

Branches:
Dungeon (3/15)

Altars:
Fedhas


Innate Abilities, Weirdness & Mutations

You are too large for most types of armour.
You have claws for hands.
Your natural rate of healing is unusually fast.
You are covered in fur. (AC +1)
You have tough skin. (AC +1)


Message History

You closely miss something. Something hits you. x2
You closely miss something. Something hits you but does no damage.
You closely miss something. Something hits you but does no damage.
Something hits you.
You miss something.
You hear some strange, mumbled words.
You are confused.
You miss something. Something hits you.
You bump into the rock wall.
Something hits you.
You bump into the rock wall.
Something hits you.
You bump into the rock wall.
Something hits you.
You're too confused to move!
You feel less confused. Something hits you.
You miss something. Something completely misses you.
An orc comes into view. It is wielding a +0 hand axe.
You hear some strange, mumbled words.
A puff of flame appears from out of thin air!
The puff of flame misses you.
You closely miss something. You claw something. Something hits you.
The orc unwields a +0 hand axe.
The orc wields a +0 sling.
The orc shoots a sling bullet.
The sling bullet hits you.
You completely miss something. Something hits you but does no damage.
The orc shoots a sling bullet.
The sling bullet closely misses you. Something hits you.
You barely miss something.
The orc shoots a sling bullet.
The sling bullet hits you.
You hear some strange, mumbled words.
A puff of flame appears from out of thin air!
The puff of flame hits you.
* * * LOW HITPOINT WARNING * * *
You miss something. Something hits you.
* * * LOW HITPOINT WARNING * * *
You barely miss something. Something hits you.
* * * LOW HITPOINT WARNING * * *
The orc shoots a sling bullet.
The sling bullet hits you.
* * * LOW HITPOINT WARNING * * *
Something hits you.
You die...
Fedhas appreciates your contribution to the ecosystem.

...#.#####... #.o.
...#.........
.$oo...#.........
.......#.........
...o #.........
###.# +.........
#@).###+#.........
#{##..............
#..'.............#
####..........(..#
#..8...........#
#..............#
#..÷...........#
#÷..÷.8........#
#...÷..#.#######


You could see an orc.

Vanquished Creatures
  An adder (D:2)
  4 gnolls (D:2)
  3 dart slugs
  An orc (D:3)
  6 ball pythons
  6 bats
  3 endoplasms
  4 giant cockroaches (D:1)
  2 goblins (D:1)
  5 hobgoblins
  2 jackals (D:2)
  6 quokkas
  3 frilled lizards
  2 kobolds (D:1)
  8 rats
56 creatures vanquished.

Vanquished Creatures (others)
  9 plants (D:2)
9 creatures vanquished.

Grand Total: 65 creatures vanquished

Notes
Turn   | Place    | Note
-------+----------+-------------------------------------------
     0 | D:1      | Sabo the Troll Earth Elementalist began the quest for the
                  | Orb.
     0 | D:1      | Reached XP level 1. HP: 16/16 MP: 1/1
   252 | D:1      | Reached XP level 2. HP: 24/24 MP: 3/3
   650 | D:1      | Reached skill level 3 in Earth Magic
  1083 | D:1      | Reached XP level 3. HP: 31/31 MP: 2/4
  2758 | D:2      | Reached XP level 4. HP: 39/39 MP: 2/5
  3329 | D:3      | Found a faded altar of an unknown god.
  3342 | D:3      | Prayed at the altar of an unknown god.
  3342 | D:3      | Became a worshipper of Fedhas Madash
  3342 | D:3      | Reached * piety under Fedhas
  3389 | D:3      | Slain by an orc wizard

Illustrated notes

Levels and vault maps discovered:
D:1:      nicolae_arrival_somewhat_less_tricky_arrival, layout_rooms
D:2:      layout_basic, nicolae_grassy_gnolls
D:3:      layout_basic, grunt_gozag_statues, shapermc_ecumenical_altar_pompeii

Skill      XL: |  1  2  3  4 |
---------------+-------------+-----
Earth Magic    | 3 |  3.6
Dodging        | 2 |  2.0
Spellcasting   | 2 |  2.1
Short Blades   | |  0.3
Throwing       | |  0.2
Stealth        | |  1.2
Transmutations | |  0.6

Action                   |  1- 3 |  4- 6 || total
-------------------------+-------+-------++-------
Melee: Dagger            |    45 |       ||    45
       Unarmed           |     4 |       ||     4
       Short sword       |    28 |       ||    28
       Mace              |    17 |       ||    17
       Flail             |       |    26 ||    26
       Punch             |       |     1 ||     1
Throw: Boomerang         |     6 |     2 ||     8
 Cast: Sandblast         |    49 |    12 ||    61
  Use: Scroll            |     1 |     1 ||     2
 Stab: Sleeping          |     1 |       ||     1
Armor: Robe              |    67 |    11 ||    78
Dodge: Dodged            |    63 |    11 ||    74

Table legend: (Time is in decaauts)
 A = Elapsed time spent in this place.
 B = Non-inter-level travel time spent in this place.
 C = Inter-level travel time spent in this place.
 D = Time resting spent in this place.
 E = Time spent auto-exploring this place.
 F = Levels seen in this place.
 G = Mean time per level.
                   A        B        C        D        E       F      G
               +--------+--------+--------+--------+--------+-----+--------+
         Total |   3438 |   3438 |      0 |   1300 |      0 |   3 | 1146.0 |
       Dungeon |   3438 |   3438 |      0 |   1300 |      0 |   3 | 1146.0 |
               +--------+--------+--------+--------+--------+-----+--------+

Top non-repeatable levels by time:
     D:1: 1758 daAuts
     D:2: 1426 daAuts
     D:3: 253 daAuts
